Workbook
Name Приложение2: пр4!$A$4:$G$92
Name Приложение2: пр5!$A$4:$H$115

Sheet пр.1
B2: Приложение № 1
B3: к решению "О бюджете
B4: Новофедоровского сельского поселения
B5: Старошйговского муниципального района
B6: на 2020 год
B7: от 27 декабря 2019 г.№19
B8: Доходы бюджета Новофедоровского сельского поселения Старошайговского муниципального района на 2020 год ина плановый период 2021 и 2022 годов
A11: Код | C11: 2020 год
A12: 0 00 00000 00 0000 000 | B12: ВСЕГО ДОХОДОВ | C12: =C13+C38 -> 4201.7 | D12: =C12-#REF! -> #REF! | E12: =#REF!-#REF! -> #REF! | F12: =#REF!-#REF! -> #REF!
A13: 1 00 00000 00 0000 000 | B13: ДОХОДЫ | C13: =C14+C19+C21+C25+C28+C30+C33+C36 -> 1493.3 | D13: =C13-#REF! -> #REF! | E13: =#REF!-#REF! -> #REF! | F13: =#REF!-#REF! -> #REF!
A14: 1 01 00000 00 0000 000 | B14: НАЛОГИ НА ПРИБЫЛЬ, ДОХОДЫ | C14: =C15 -> 29 | D14: =C14-#REF! -> #REF! | E14: =#REF!-#REF! -> #REF! | F14: =#REF!-#REF! -> #REF!
A15: 1 01 02000 01 0000 110 | B15: Налог на доходы физических лиц | C15: =SUM(C16:C18) -> 29 | D15: =C15-#REF! -> #REF! | E15: =#REF!-#REF! -> #REF! | F15: =#REF!-#REF! -> #REF!
A16: 1 01 02010 01 0000 110 | B16: Налог на доходы физических лиц с доходов, источником которых является налоговый агент, за исключением доходов, в отношении которых исчисление и уплата налога осуществляются в соответствии со статьями 227, 227.1 и 228 Налогового кодекса Российской Федерации | C16: 19.6 | D16: =C16-#REF! -> #REF! | E16: =#REF!-#REF! -> #REF! | F16: =#REF!-#REF! -> #REF!
A17: 1 01 02020 01 0000 110 | B17: Налог на доходы физических лиц с доходов, полученных от осуществления деятельности физическими лицами, зарегистрированными в качестве индивидуальных предпринимателей, нотариусов, занимающихся частной практикой, адвокатов, учредивших адвокатские кабинеты, и других лиц, занимающихся частной практикой в соответствии со статьей 227 Налогового кодекса Российской Федерации | C17: 1.4 | D17: =C17-#REF! -> #REF! | E17: =#REF!-#REF! -> #REF! | F17: =#REF!-#REF! -> #REF!
A18: 1 01 02030 01 0000 110 | B18: Налог на доходы физических лиц с доходов, полученных физическими лицами в соответствии со статьей 228 Налогового кодекса Российской Федерации | C18: 8 | D18: =C18-#REF! -> #REF! | E18: =#REF!-#REF! -> #REF! | F18: =#REF!-#REF! -> #REF!
A19: 1 05 0000 00 0000 000 | B19: НАЛОГИ НА СОВОКУПНЫЙ ДОХОД | C19: =C20 -> 12.4 | D19: =C19-#REF! -> #REF! | E19: =#REF!-#REF! -> #REF! | F19: =#REF!-#REF! -> #REF!
A20: 1 05 03000 01 0000 110 | B20: Единый сельскохозяйственный налог | C20: 12.4 | D20: =C20-#REF! -> #REF! | E20: =#REF!-#REF! -> #REF! | F20: =#REF!-#REF! -> #REF!
A21: 1 06 00000 00 0000 000 | B21: НАЛОГИ НА ИМУЩЕСТВО | C21: =SUM(C22:C24) -> 1399.2 | D21: =C21-#REF! -> #REF! | E21: =#REF!-#REF! -> #REF! | F21: =#REF!-#REF! -> #REF!
A22: 1 06 01030 10 0000 110 | B22: Налог на имущество физических лиц, взимаемый по ставкам, применяемым к объектам налогообложения, расположенным в границах сельских поселений | C22: 62.7 | D22: =C22-#REF! -> #REF! | E22: =#REF!-#REF! -> #REF! | F22: =#REF!-#REF! -> #REF!
A23: 1 06 06033 10 0000 110 | B23: Земельный налог с организаций, обладающих земельным участком, расположенным в границах сельских поселений | C23: 195.8 | D23: =C23-#REF! -> #REF! | E23: =#REF!-#REF! -> #REF! | F23: =#REF!-#REF! -> #REF!
A24: 1 06 06043 10 0000 110 | B24: Земельный налог с физических лиц, обладающих земельным участком, расположенным в границах сельских поселений | C24: 1140.7 | D24: =C24-#REF! -> #REF! | E24: =#REF!-#REF! -> #REF! | F24: =#REF!-#REF! -> #REF!
A25: 1 11 01000 00 0000 120 | B25: ДОХОДЫ ОТ ИСПОЛЬЗОВАНИЯ ИМУЩЕСТВА, НАХОДЯЩЕГОСЯ В ГОСУДАРСТВЕННОЙ И МУНИЦИПАЛЬНОЙ СОБСТВЕННОСТИ | C25: =SUM(C26:C26) -> 2.7 | D25: =C25-#REF! -> #REF! | E25: =#REF!-#REF! -> #REF! | F25: =#REF!-#REF! -> #REF!
A26: 1 11 05035 10 0000 120 | B26: Доходы от сдачи в аренду имущества, находящегося в оперативном управлении органов управления сельских поселений и созданных ими учреждений (за исключением имущества муниципальных бюджетных и автономных учреждений) | C26: 2.7 | D26: =C26-#REF! -> #REF! | E26: =#REF!-#REF! -> #REF! | F26: =#REF!-#REF! -> #REF!
A27: 1 11 09045 1 00000 100 | B27: Прочие поступления от использования имущества, находящегося в собственности сельских поселений (за исключением имущества муниципальных бюджетных и автономных учреждений, а также имущества муниципальных унитарных предприятий, в том числе казенных) | D27: =C27-#REF! -> #REF! | E27: =#REF!-#REF! -> #REF! | F27: =#REF!-#REF! -> #REF!
A28: 1 13 00000 00 0000 000 | B28: ДОХОДЫ ОТ ОКАЗАНИЯ ПЛАТНЫХ УСЛУГ И КОМПЕНСАЦИИ ЗАТРАТ ГОСУДАРСТВА | C28: =C29 -> 0 | D28: =C28-#REF! -> #REF! | E28: =#REF!-#REF! -> #REF! | F28: =#REF!-#REF! -> #REF!
A29: 1 13 02995 10 0000 130 | B29: Прочие доходы от компенсации затрат бюджетов сельских поселений | D29: =C29-#REF! -> #REF! | E29: =#REF!-#REF! -> #REF! | F29: =#REF!-#REF! -> #REF!
A30: 1 14 00000 00 0000 000 | B30: ДОХОДЫ ОТ ПРОДАЖИ МАТЕРИАЛЬНЫХ И НЕМАТЕРИАЛЬНЫХ АКТИВОВ | C30: =C31+C32 -> 0 | D30: =C30-#REF! -> #REF! | E30: =#REF!-#REF! -> #REF! | F30: =#REF!-#REF! -> #REF!
A31: 1 14 02053 1 00000 410 | B31: Доходы от реализации иного имущества, находящегося в собственности сельских поселений (за исключением имущества муниципальных бюджетных и автономных учреждений, а также имущества муниципальных унитарных предприятий, в том числе казенных), в части реализации основных средств по указанному имуществу | D31: =C31-#REF! -> #REF! | E31: =#REF!-#REF! -> #REF! | F31: =#REF!-#REF! -> #REF!
A32: 1 14 06025 10 0000 430 | B32: Доходы от продажи земельных участков, находящихся в собственности сельских поселений (за исключением земельных участков муниципальных бюджетных и автономных учреждений) | D32: =C32-#REF! -> #REF! | E32: =#REF!-#REF! -> #REF! | F32: =#REF!-#REF! -> #REF!
A33: 1 16 00000 00 0000 000 | B33: ШТРАФЫ, САНКЦИИ, ВОЗМЕЩЕНИЕ УЩЕРБА | C33: =C34+C35 -> 0 | D33: =C33-#REF! -> #REF! | E33: =#REF!-#REF! -> #REF! | F33: =#REF!-#REF! -> #REF!
A34: 1 16 90050 10 0000 140 | B34: Прочие поступления от денежных взысканий (штрафов) и иных сумм в возмещение ущерба, зачисляемые в бюджеты сельских поселений | D34: =C34-#REF! -> #REF! | E34: =#REF!-#REF! -> #REF! | F34: =#REF!-#REF! -> #REF!
A35: 1 16 51040 02 0000 140 | B35: Денежные взыскания (штрафы), установленные законами субъектов Российской Федерации за несоблюдение муниципальных правовых актов, зачисляемые в бюджеты поселений | D35: =C35-#REF! -> #REF! | E35: =#REF!-#REF! -> #REF! | F35: =#REF!-#REF! -> #REF!
A36: 11406025100000000000. | B36: Доходы от продажи земли | C36: 50 | D36: =C36-#REF! -> #REF! | E36: =#REF!-#REF! -> #REF! | F36: =#REF!-#REF! -> #REF!
A37: 114 06025 10 0000 430 | B37: Доходы от продажи земли | C37: 50 | D37: =C37-#REF! -> #REF! | E37: =#REF!-#REF! -> #REF! | F37: =#REF!-#REF! -> #REF!
A38: 2 00 00000 00 0000 000 | B38: БЕЗВОЗМЕЗДНЫЕ ПОСТУПЛЕНИЯ | C38: =C39+C43+C48+C51+C47 -> 2708.4 | D38: =C38-#REF! -> #REF! | E38: =#REF!-#REF! -> #REF! | F38: =#REF!-#REF! -> #REF!
A39: 2 02 00000 00 0000 000 | B39: Безвозмездные поступления от других бюджетов бюджетной системы Российской Федерации | C39: =C42 -> 0 | D39: =C39-#REF! -> #REF! | E39: =#REF!-#REF! -> #REF! | F39: =#REF!-#REF! -> #REF!
A40: 2 02 10000 00 0000 150 | B40: Дотации бюджетам бюджетной системы Российской Федерации | C40: =C41 -> 0 | D40: =C40-#REF! -> #REF! | E40: =#REF!-#REF! -> #REF! | F40: =#REF!-#REF! -> #REF!
A41: 2 02 15001 00 0000 150 | B41: Дотации на выравнивание бюджетной обеспеченности | C41: =C42 -> 0 | D41: =C41-#REF! -> #REF! | E41: =#REF!-#REF! -> #REF! | F41: =#REF!-#REF! -> #REF!
A42: 2 02 15001 10 0000 150 | B42: Дотации бюджетам сельских поселений на выравнивание бюджетной обеспеченности | D42: =C42-#REF! -> #REF! | E42: =#REF!-#REF! -> #REF! | F42: =#REF!-#REF! -> #REF!
A43: 2 02 20000 00 0000 150 | B43: Субсидии бюджетам бюджетной системы Российской Федерации (межбюджетные субсидии) | C43: =C46 -> 0 | D43: =C43-#REF! -> #REF! | E43: =#REF!-#REF! -> #REF! | F43: =#REF!-#REF! -> #REF!
A44: 2 02 29999 10 0000 150 | B44: Прочие субсидии бюджетам сельских поселений | C44: =C46 -> 0 | D44: =C44-#REF! -> #REF! | E44: =#REF!-#REF! -> #REF! | F44: =#REF!-#REF! -> #REF!
A45: в том числе: | D45: =C45-#REF! -> #REF! | E45: =#REF!-#REF! -> #REF! | F45: =#REF!-#REF! -> #REF!
A46: 2 02 29999 10 0000 150 | B46: Субсидии для софинансирование расходных обязательств сельских поселений по финансовому обеспечению деятельности муниципальных казенных учреждений и финансовому обеспечению выполнения муниципального задания бюджетными и автономными муниципальными учреждениями | D46: =C46-#REF! -> #REF! | E46: =#REF!-#REF! -> #REF! | F46: =#REF!-#REF! -> #REF!
A47: 2 02 25555 10 0000 150 | B47: Субсидии бюджетам сельских поселений на реализацию программ формирования современной городской среды | D47: =C47-#REF! -> #REF! | E47: =#REF!-#REF! -> #REF! | F47: =#REF!-#REF! -> #REF!
A48: 2 02 30000 00 0000 150 | B48: Субвенции бюджетам бюджетной системы Российской Федерации | C48: =C49+C50 -> 79 | D48: =C48-#REF! -> #REF! | E48: =#REF!-#REF! -> #REF! | F48: =#REF!-#REF! -> #REF!
A49: 2 02 30024 10 0000 150 | B49: Субвенции бюджетам сельских поселений на выполнение передаваемых полномочий субъектов Российской Федерации | C49: 0.3 | D49: =C49-#REF! -> #REF! | E49: =#REF!-#REF! -> #REF! | F49: =#REF!-#REF! -> #REF!
A50: 2 02 35118 10 0000 150 | B50: Субвенции бюджетам сельских поселений на осуществление первичного воинского учета на территориях, где отсутствуют военные комиссариаты | C50: 78.7 | D50: =C50-#REF! -> #REF! | E50: =#REF!-#REF! -> #REF! | F50: =#REF!-#REF! -> #REF!
A51: 202 40000 00 0000150 | B51: Иные межбюджетные трансферты | C51: =C52+C53 -> 2629.4 | D51: =C51-#REF! -> #REF! | E51: =#REF!-#REF! -> #REF! | F51: =#REF!-#REF! -> #REF!
A52: 2 02 40014 10 0000 150 | B52: Межбюджетные трансферты, передаваемые бюджетам сельских поселений из бюджетов муниципальных районов на осуществление части полномочий по решению вопросов местного значения в соответствии с заключенными соглашениями | C52: 1352.2 | D52: =C52-#REF! -> #REF! | E52: =#REF!-#REF! -> #REF! | F52: =#REF!-#REF! -> #REF!
A53: 2 02 49999 10 0000 150 | B53: Субсидии, выплачиваемые в зависимости от выполнения социально-экономических показателей | C53: 1277.2 | D53: =C53-#REF! -> #REF! | E53: =#REF!-#REF! -> #REF! | F53: =#REF!-#REF! -> #REF!

Sheet пр.2
C2: Приложение №2
C3: к решению "О бюджете
C4: Старошайговского сельского поселения
C5: Старошйговского муниципального района
C6: на 2019 год"
C7: от декабря 2018г.№
A8: Главные распорядители средств бюджета муниципального образования - Администраторы доходов бюджета Старошайговского сельского поселения
A10: Код бюджетной классификации РФ | C10: Наименование
A11: администратора доходов | B11: дохода местного бюджета
A12: 1 | B12: 2 | C12: 3
A13: 929 | C13: Администрация Старошайговского поселения Старошайговского муниципального района Республики Мордовия
A15: 929 | B15: 1 11 03050 10 0000 120 | C15: Проценты, полученные от предоставления бюджетных кредитов внутри страны за счет средств бюджетов поселений
A16: 929 | B16: 1 11 05035 10 0000 120 | C16: Доходы от сдачи в аренду имущества, находящегося в оперативном управлении органов управления поселений и созданных ими учреждений (за исключением имущества муниципальных бюджетных и автономных учреждений)
A17: 929 | B17: 1 11 05075 10 0000 120 | C17: Доходы от сдачи в аренду имущества, составляющего казну поселений (за исключением земельных участков)
A18: 929 | B18: 1 11 08050 10 0000 120 | C18: Средства, получаемые от передачи имущества, находящегося в собственности поселений (за исключением имущества муниципальных бюджетных и автономных учреждений, а также имущества муниципальных унитарных предприятий, в том числе казенных), в залог, в доверительное управление
A19: 929 | B19: 1 11 09045 10 0000 120 | C19: Прочие поступления от использования имущества, находящегося в собственности поселений (за исключением имущества муниципальных бюджетных и автономных учреждений, а также имущества муниципальных унитарных предприятий, в том числе казенных)
A20: 929 | B20: 1 13 01995 10 0000 130 | C20: Прочие доходы от оказания платных услуг (работ) получателями средств бюджетов поселений
A21: 929 | B21: 1 13 02995 10 0000 130 | C21: Прочие доходы от компенсации затрат бюджетов поселений
A22: 929 | B22: 1 13 02995 10 0001 130 | C22: Прочие доходы от компенсации затрат бюджетов поселений, источником которого являются межбюджетные трансферты федерального бюджета
A23: 929 | B23: 1 13 02995 10 0002 130 | C23: Прочие доходы от компенсации затрат бюджетов поселений, источником которого являются средства республиканского бюджета
A24: 929 | B24: 1 13 02995 10 0004 130 | C24: Прочие доходы от компенсации затрат бюджетов поселений, источником которого являются средства муниципального бюджета
A25: 929 | B25: 1 13 02995 10 0005 130 | C25: Прочие доходы от компенсации затрат бюджетов поселений, источником которого являются средства поселений
A26: 929 | B26: 1 14 02053 10 0000 410 | C26: Доходы от реализации иного имущества, находящегося в собственности поселений (за исключением имущества муниципальных бюджетных и автономных учреждений, а также имущества муниципальных унитарных предприятий, в том числе казенных), в части реализации основных средств по указанному имуществу
... A47: 929 | B47: 2 08 05000 10 0000 150 | C47: Перечисления из бюджетов сельских поселений (в бюджеты поселений) для осуществления возврата (зачета) излишне уплаченных или излишне взысканных сумм налогов, сборов и иных платежей, а также сумм процентов за несвоевременное осуществление такого возврата и процентов, начисленных на излишне взысканные суммы

Sheet пр.3
C1: Приложение 3 к решению сессии "О бюджете Старошайговского сельского поселения Старошайговского муниципального района РМ на 2019 год" от декабря 2018 г.№
A2: ПЕРЕЧЕНЬ ГЛАВНЫХ АДМИНИСТРАТОРОВ ИСТОЧНИКОВ ФИНАНСИРОВАНИЯ ДЕФИЦИТА БЮДЖЕТА СТАРОШАЙГОВСКОГО СЕЛЬСКОГО ПОСЕЛЕНИЯ СТАРОШАЙГОВСКОГО МУНИЦИПАЛЬНОГО РАЙОНА
A3: Код бюджетной классификации Российской Федерации | C3: Наименование главного администратора источников финансирования дефицита бюджета
A4: администратора | B4: источников внутреннего финансирования дефицита районного бюджета
A8: 1 | B8: 2 | C8: 3
A10: 1 | C10: Администрация Старошайговского сельского поселения
A11: 929 | B11: 01 02 00 00 00 0000 000 | C11: Кредиты кредитных организаций в валюте Российской Федерации
A12: 929 | B12: 01 02 00 00 00 0000 800 | C12: Погашение кредитов, предоставленных кредитными организациями в валюте Российской Федерации
A13: 929 | B13: 01 02 00 00 10 0000 810 | C13: Погашение бюджетами сельских поселений кредитов от кредитных организаций в валюте Российской Федерации
A14: 929 | B14: 01 03 00 00 00 0000 700 | C14: Получение бюджетных кредитов от других Бюджетов бюджетной системы Российской Федерации в валюте Российской Федерации
A15: 929 | B15: 01 03 01 00 10 0000 710 | C15: Получение кредитов от других бюджетов бюджетной системы Российской Федерации бюджетами сельских поселений в валюте Российской Федерации
A16: 929 | B16: 01 03 00 00 00 0000 800 | C16: Погашение бюджетных кредитов, полученных от других бюджетов бюджетной системы Российской Федерации в валюте Российской Федерации
A17: 929 | B17: 01 03 01 00 10 0000 810 | C17: Погашение бюджетами сельких поселений кредитов от других бюджетов бюджетной системы Российской Федерации в валюте Российской Федерации
A18: 929 | B18: 01 06 05 00 00 0000 000 | C18: Бюджетные кредиты, предоставленные внутри страны в валюте Российской Федерации
A19: 929 | B19: 01 06 05 00 00 0000 600 | C19: Возврат бюджетных кредитов, предоставленных внутри страны в валюте Российской Федерации
A20: 929 | B20: 01 06 05 02 00 0000 640 | C20: Возврат бюджетных кредитов, предоставленных другим бюджетам бюджетной системы Российской Федерации в валюте Российской Федерации
A21: 929 | B21: 01 06 05 02 10 0000 640 | C21: Возврат бюджетных кредитов, предоставленных другим бюджетам бюджетной системы Российской Федерации из бюджетов сельских поселений в валюте Российской Федерации

Sheet пр 2
C2: Приложение №2
C3: к решению "О бюджете
C4: Новофедоровского сельского поселения
C5: Старошйговского муниципального района
C6: на 2020 год
C7: от 27 декабря 2019г.№19
A8: Главные распорядители средств бюджета муниципального образования - Администраторы доходов бюджета Новофедоровского сельского поселения
A10: Код бюджетной классификации РФ | C10: Наименование
A11: администратора доходов | B11: дохода местного бюджета
A12: 1 | B12: 2 | C12: 3
A13: 926 | C13: Администрация Новофедоровского сельского поселения Старошайговского муниципального района Республики Мордовия
A15: 926 | B15: 1 11 03050 10 0000 120 | C15: Проценты, полученные от предоставления бюджетных кредитов внутри страны за счет средств бюджетов поселений
A16: 926 | B16: 1 11 05035 10 0000 120 | C16: Доходы от сдачи в аренду имущества, находящегося в оперативном управлении органов управления поселений и созданных ими учреждений (за исключением имущества муниципальных бюджетных и автономных учреждений)
A17: 926 | B17: 1 11 05075 10 0000 120 | C17: Доходы от сдачи в аренду имущества, составляющего казну поселений (за исключением земельных участков)
A18: 926 | B18: 1 11 08050 10 0000 120 | C18: Средства, получаемые от передачи имущества, находящегося в собственности поселений (за исключением имущества муниципальных бюджетных и автономных учреждений, а также имущества муниципальных унитарных предприятий, в том числе казенных), в залог, в доверительное управление
A19: 926 | B19: 1 11 09045 10 0000 120 | C19: Прочие поступления от использования имущества, находящегося в собственности поселений (за исключением имущества муниципальных бюджетных и автономных учреждений, а также имущества муниципальных унитарных предприятий, в том числе казенных)
A20: 926 | B20: 1 13 01995 10 0000 130 | C20: Прочие доходы от оказания платных услуг (работ) получателями средств бюджетов поселений
A21: 926 | B21: 1 13 02995 10 0000 130 | C21: Прочие доходы от компенсации затрат бюджетов поселений
A22: 926 | B22: 1 13 02995 10 0001 130 | C22: Прочие доходы от компенсации затрат бюджетов поселений, источником которого являются межбюджетные трансферты федерального бюджета
A23: 926 | B23: 1 13 02995 10 0002 130 | C23: Прочие доходы от компенсации затрат бюджетов поселений, источником которого являются средства республиканского бюджета
A24: 926 | B24: 1 13 02995 10 0004 130 | C24: Прочие доходы от компенсации затрат бюджетов поселений, источником которого являются средства муниципального бюджета
A25: 926 | B25: 1 13 02995 10 0005 130 | C25: Прочие доходы от компенсации затрат бюджетов поселений, источником которого являются средства поселений
A26: 926 | B26: 1 14 02053 10 0000 410 | C26: Доходы от реализации иного имущества, находящегося в собственности поселений (за исключением имущества муниципальных бюджетных и автономных учреждений, а также имущества муниципальных унитарных предприятий, в том числе казенных), в части реализации основных средств по указанному имуществу
... A49: 926 | B49: 2 19 60010 10 0000 150 | C49: Возврат остатков субсидий, субвенций и иных межбюджетных трансфертов, имеющих целевое назначение, прошлых лет из бюджетов сельских поселений

Sheet пр3
C1: Приложение 3 к решению сессии "О бюджете Новофедоровского сельского поселения Старошайговского муниципального района РМ на 2020 год от 27 декабря 2019 г.№19
A2: ПЕРЕЧЕНЬ ГЛАВНЫХ АДМИНИСТРАТОРОВ ИСТОЧНИКОВ ФИНАНСИРОВАНИЯ ДЕФИЦИТА БЮДЖЕТА НОВОФЕДОРОВСКОГО СЕЛЬСКОГО ПОСЕЛЕНИЯ СТАРОШАЙГОВСКОГО МУНИЦИПАЛЬНОГО РАЙОНА
A3: Код бюджетной классификации Российской Федерации | C3: Наименование главного администратора источников финансирования дефицита бюджета
A4: администратора | B4: источников внутреннего финансирования дефицита районного бюджета
A8: 1 | B8: 2 | C8: 3
A10: 1 | C10: Администрация Новофедоровского сельского поселения
A11: 926 | B11: 01 02 00 00 00 0000 000 | C11: Кредиты кредитных организаций в валюте Российской Федерации
A12: 926 | B12: 01 02 00 00 00 0000 800 | C12: Получение кредитов от кредитных организаций в валюте Российской Федерации
A13: 926 | B13: 01 02 00 00 10 0000 810 | C13: Получение кредитов от кредитных организаций бюджетами сельских поселений в валюте Российской Федерации
A14: 926 | B14: 01 03 00 00 00 0000 000 | C14: Бюджетные кредиты из других бюджетов бюджетной системы Российской Федерации
A15: 926 | B15: 01 03 00 00 00 0000 700 | C15: Получение бюджетных кредитов от других Бюджетов бюджетной системы Российской Федерации в валюте Российской Федерации
A16: 926 | B16: 01 03 01 00 10 0000 710 | C16: Получение кредитов от других бюджетов бюджетной системы Российской Федерации бюджетами сельских поселений в валюте Российской Федерации
A17: 926 | B17: 01 03 00 00 00 0000 800 | C17: Погашение бюджетных кредитов, полученных от других бюджетов бюджетной системы Российской Федерации в валюте Российской Федерации
A18: 926 | B18: 01 03 01 00 10 0000 810 | C18: Погашение бюджетами сельких поселений кредитов от других бюджетов бюджетной системы Российской Федерации в валюте Российской Федерации

Sheet пр4
B1: Приложение 4 к решению сессии "О бюджете Новофедоровского сельского поселения Старошайговского муниципального района РМ на 2020 год от 27 декабря 2019 г.№ 19
A3: Распределение расходов бюджета Новофедоровского сельского поселения Старошайговского муниципального района на 2020 год по разделам, подразделам, целевым статьям и видам расходов функциональной классификации расходов бюджетов Российской Федерации
A5: Наименование | B5: Рз | C5: ПРз | D5: ЦСР | H5: ВР | I5: 2020
A6: ВСЕГО | I6: =I7+I55+I64+I71+I86 -> 4366.2 | J6: =#REF!-#REF! -> #REF! | K6: =#REF!-#REF! -> #REF!
A7: Общегосударственные вопросы | B7: 01 | I7: =I8+I17+I43+I48 -> 2228.1 | J7: =#REF!-#REF! -> #REF! | K7: =#REF!-#REF! -> #REF!
A8: Функционирование высшего должностного лица субъекта Российской Федерации и муниципального образования | B8: 01 | C8: 02 | I8: =I11+I14 -> 321.6 | J8: =#REF!-#REF! -> #REF! | K8: =#REF!-#REF! -> #REF!
A9: Непрограммные расходы главных распорядителей бюджетных средств Республики Мордовия | B9: 01 | C9: 02 | D9: 89 | E9: 0 | I9: =I11 -> 114.5 | J9: =#REF!-#REF! -> #REF! | K9: =#REF!-#REF! -> #REF!
A10: Непрограммные расходы в рамках обеспечения деятельности главных распорядителей бюджетных средств Республики Мордовия | B10: 01 | C10: 02 | D10: 89 | E10: 1 | I10: =I11 -> 114.5 | J10: =#REF!-#REF! -> #REF! | K10: =#REF!-#REF! -> #REF!
A11: Расходы на выплаты по оплате труда высшего должностного лица | B11: 01 | C11: 02 | D11: 89 | E11: 1 | F11: 00 | G11: 41150 | I11: =I12 -> 114.5 | J11: =#REF!-#REF! -> #REF! | K11: =#REF!-#REF! -> #REF!
A12: Расходы на выплаты персоналу в целях обеспечения выполнения функций государственными (муниципальными) органами, казенными учреждениями, органами управления государственными внебюджетными фондами | B12: 01 | C12: 02 | D12: 89 | E12: 1 | F12: 00 | G12: 41150 | H12: 100 | I12: =I13 -> 114.5 | J12: =#REF!-#REF! -> #REF! | K12: =#REF!-#REF! -> #REF!
A13: Расходы на выплаты персоналу государственных (муниципальных) органов | B13: 01 | C13: 02 | D13: 89 | E13: 1 | F13: 00 | G13: 41150 | H13: 120 | I13: 114.5 | J13: =#REF!-#REF! -> #REF! | K13: =#REF!-#REF! -> #REF!
A14: Софинансирование расходных обязательств, возникающих при выполнении полномочий органов местного самоуправления поселений по вопросам местного значения, выплачиваемых в зависимости от выполнения социально-экономических показателей | B14: 01 | C14: 02 | D14: 89 | E14: 1 | F14: 00 | G14: 44203 | I14: =I15 -> 207.1 | J14: =#REF!-#REF! -> #REF! | K14: =#REF!-#REF! -> #REF!
A15: Расходы на выплаты персоналу в целях обеспечения выполнения функций государственными (муниципальными) органами, казенными учреждениями, органами управления государственными внебюджетными фондами | B15: 01 | C15: 02 | D15: 89 | E15: 1 | F15: 00 | G15: 44203 | H15: 100 | I15: =I16 -> 207.1 | J15: =#REF!-#REF! -> #REF! | K15: =#REF!-#REF! -> #REF!
A16: Расходы на выплаты персоналу государственных (муниципальных) органов | B16: 01 | C16: 02 | D16: 89 | E16: 1 | F16: 00 | G16: 44203 | H16: 120 | I16: 207.1 | J16: =#REF!-#REF! -> #REF! | K16: =#REF!-#REF! -> #REF!
A17: Функционирование Правительства Российской Федерации, высших исполнительных органов государственной власти субъектов Российской Федерации, местных администраций | B17: 01 | C17: 04 | I17: =I20+I25+I40+I32 -> 1876.5 | J17: =#REF!-#REF! -> #REF! | K17: =#REF!-#REF! -> #REF!
A18: Непрограммные расходы главных распорядителей бюджетных средств Республики Мордовия | B18: 01 | C18: 04 | D18: 89 | E18: 0 | I18: =I20 -> 528.8 | J18: =#REF!-#REF! -> #REF! | K18: =#REF!-#REF! -> #REF!
A19: Непрограммные расходы в рамках обеспечения деятельности главных распорядителей бюджетных средств Республики Мордовия | B19: 01 | C19: 04 | D19: 89 | E19: 1 | I19: =I20 -> 528.8 | J19: =#REF!-#REF! -> #REF! | K19: =#REF!-#REF! -> #REF!
A20: Расходы на выплаты по оплате труда работников органов местного | B20: 01 | C20: 04 | D20: 89 | E20: 1 | F20: 00 | G20: 41110 | I20: =I21 -> 528.8 | J20: =#REF!-#REF! -> #REF! | K20: =#REF!-#REF! -> #REF!
A21: Расходы на выплаты персоналу в целях обеспечения выполнения функций государственными (муниципальными) органами, казенными учреждениями, органами управления государственными внебюджетными фондами | B21: 01 | C21: 04 | D21: 89 | E21: 1 | F21: 00 | G21: 41110 | H21: 100 | I21: =I22 -> 528.8 | J21: =#REF!-#REF! -> #REF! | K21: =#REF!-#REF! -> #REF!
A22: Расходы на выплаты персоналу государственных (муниципальных) органов | B22: 01 | C22: 04 | D22: 89 | E22: 1 | F22: 00 | G22: 41110 | H22: 120 | I22: 528.8 | J22: =#REF!-#REF! -> #REF! | K22: =#REF!-#REF! -> #REF!
A23: Непрограммные расходы главных распорядителей бюджетных средств Республики Мордовия | B23: 01 | C23: 04 | D23: 89 | E23: 0 | I23: =I25 -> 277.3 | J23: =#REF!-#REF! -> #REF! | K23: =#REF!-#REF! -> #REF!
A24: Непрограммные расходы в рамках обеспечения деятельности главных распорядителей бюджетных средств Республики Мордовия | B24: 01 | C24: 04 | D24: 89 | E24: 1 | I24: =I25 -> 277.3 | J24: =#REF!-#REF! -> #REF! | K24: =#REF!-#REF! -> #REF!
A25: Расходы на обеспечение функций органов местного самоуправления Республики Мордовия | B25: 01 | C25: 04 | D25: 89 | E25: 1 | F25: 00 | G25: 41120 | I25: =I28+I26+I30 -> 277.3 | J25: =#REF!-#REF! -> #REF! | K25: =#REF!-#REF! -> #REF!
A26: Расходы на выплаты персоналу в целях обеспечения выполнения функций государственными (муниципальными) органами, казенными учреждениями, органами управления государственными внебюджетными фондами | B26: 01 | C26: 04 | D26: 89 | E26: 1 | F26: 00 | G26: 41120 | H26: 100 | I26: =I27 -> 0.7 | J26: =#REF!-#REF! -> #REF! | K26: =#REF!-#REF! -> #REF!
A27: Расходы на выплаты персоналу государственных (муниципальных) органов | B27: 01 | C27: 04 | D27: 89 | E27: 1 | F27: 00 | G27: 41120 | H27: 120 | I27: 0.7 | J27: =#REF!-#REF! -> #REF! | K27: =#REF!-#REF! -> #REF!
A28: Закупка товаров, работ и услуг для обеспечения государственных (муниципальных) нужд | B28: 01 | C28: 04 | D28: 89 | E28: 1 | F28: 00 | G28: 41120 | H28: 200 | I28: =I29 -> 173.9 | J28: =#REF!-#REF! -> #REF! | K28: =#REF!-#REF! -> #REF!
A29: Иные закупки товаров, работ и услуг для обеспечения государственных (муниципальных) нужд | B29: 01 | C29: 04 | D29: 89 | E29: 1 | F29: 00 | G29: 41120 | H29: 240 | I29: 173.9 | J29: =#REF!-#REF! -> #REF! | K29: =#REF!-#REF! -> #REF!
A30: Иные бюджетные ассигнования | B30: 01 | C30: 04 | D30: 89 | E30: 1 | F30: 00 | G30: 41120 | H30: 800 | I30: =I31 -> 102.7 | J30: =#REF!-#REF! -> #REF! | K30: =#REF!-#REF! -> #REF!
A31: Уплата налогов, сборов и иных платежей | B31: 01 | C31: 04 | D31: 89 | E31: 1 | F31: 00 | G31: 41120 | H31: 850 | I31: 102.7 | J31: =#REF!-#REF! -> #REF! | K31: =#REF!-#REF! -> #REF!
A32: Функционирование Правительства Российской Федерации, высших исполнительных органов государственной власти субъектов Российской Федерации, местных администраций | B32: 01 | C32: 04 | I32: =I33 -> 1070.1 | J32: =#REF!-#REF! -> #REF! | K32: =#REF!-#REF! -> #REF!
A33: Непрограммные расходы главных распорядителей бюджетных средств Республики Мордовия | B33: 01 | C33: 04 | D33: 89 | E33: 0 | I33: =I34 -> 1070.1 | J33: =#REF!-#REF! -> #REF! | K33: =#REF!-#REF! -> #REF!
A34: Непрограммные расходы в рамках обеспечения деятельности главных распорядителей бюджетных средств Республики Мордовия | B34: 01 | C34: 04 | D34: 89 | E34: 1 | I34: =I35 -> 1070.1 | J34: =#REF!-#REF! -> #REF! | K34: =#REF!-#REF! -> #REF!
A35: Софинансирование расходных обязательств, возникающих при выполнении полномочий органов местного самоуправления поселений по вопросам местного значения, выплачиваемых в зависимости от выполнения социально-экономических показателей | B35: 01 | C35: 04 | D35: 89 | E35: 1 | F35: 00 | G35: 44203 | I35: =I36+I38 -> 1070.1 | J35: =#REF!-#REF! -> #REF! | K35: =#REF!-#REF! -> #REF!
A36: Расходы на выплаты персоналу в целях обеспечения выполнения функций государственными (муниципальными) органами, казенными учреждениями, органами управления государственными внебюджетными фондами | B36: 01 | C36: 04 | D36: 89 | E36: 1 | F36: 00 | G36: 44203 | H36: 100 | I36: =I37 -> 644.6 | J36: =#REF!-#REF! -> #REF! | K36: =#REF!-#REF! -> #REF!
A37: Расходы на выплаты персоналу государственных (муниципальных) органов | B37: 01 | C37: 04 | D37: 89 | E37: 1 | F37: 00 | G37: 44203 | H37: 120 | I37: 644.6 | J37: =#REF!-#REF! -> #REF! | K37: =#REF!-#REF! -> #REF!
A38: Закупка товаров, работ и услуг для обеспечения государственных (муниципальных) нужд | B38: 01 | C38: 04 | D38: 89 | E38: 1 | F38: 00 | G38: 44203 | H38: 200 | I38: =I39 -> 425.5 | J38: =#REF!-#REF! -> #REF! | K38: =#REF!-#REF! -> #REF!
A39: Иные закупки товаров, работ и услуг для обеспечения государственных (муниципальных) нужд | B39: 01 | C39: 04 | D39: 89 | E39: 1 | F39: 00 | G39: 44203 | H39: 240 | I39: 425.5 | J39: =#REF!-#REF! -> #REF! | K39: =#REF!-#REF! -> #REF!
A40: Реализация государственных полномочий по определению перечня должностных лиц, уполномоченных составлять протоколы об административных правонарушениях | B40: 01 | C40: 04 | D40: 89 | E40: 1 | F40: 00 | G40: 77150 | I40: =I41 -> 0.3 | J40: =#REF!-#REF! -> #REF! | K40: =#REF!-#REF! -> #REF!
A41: Закупка товаров, работ и услуг для обеспечения государственных (муниципальных) нужд | B41: 01 | C41: 04 | D41: 89 | E41: 1 | F41: 00 | G41: 77150 | H41: 200 | I41: =I42 -> 0.3 | J41: =#REF!-#REF! -> #REF! | K41: =#REF!-#REF! -> #REF!
A42: Иные закупки товаров, работ и услуг для обеспечения государственных (муниципальных) нужд | B42: 01 | C42: 04 | D42: 89 | E42: 1 | F42: 00 | G42: 77150 | H42: 240 | I42: 0.3 | J42: =#REF!-#REF! -> #REF! | K42: =#REF!-#REF! -> #REF!
A43: Резервные фонды | B43: 01 | C43: 11 | I43: =I44 -> 20 | J43: =#REF!-#REF! -> #REF! | K43: =#REF!-#REF! -> #REF!
A44: Непрограммные расходы главных распорядителей бюджетных средств Республики Мордовия | B44: 01 | C44: 11 | D44: 89 | E44: 0 | I44: =I45 -> 20 | J44: =#REF!-#REF! -> #REF! | K44: =#REF!-#REF! -> #REF!
A45: Непрограммные расходы в рамках обеспечения деятельности главных распорядителей бюджетных средств Республики Мордовия | B45: 01 | C45: 11 | D45: 89 | E45: 1 | F45: 00 | I45: =I46 -> 20 | J45: =#REF!-#REF! -> #REF! | K45: =#REF!-#REF! -> #REF!
A46: Резервный фонд местных администраций | B46: 01 | C46: 11 | D46: 89 | E46: 1 | F46: 00 | G46: 41180 | I46: =I47 -> 20 | J46: =#REF!-#REF! -> #REF! | K46: =#REF!-#REF! -> #REF!
A47: Резервные средства | B47: 01 | C47: 11 | D47: 89 | E47: 1 | F47: 00 | G47: 41180 | H47: 870 | I47: 20 | J47: =#REF!-#REF! -> #REF! | K47: =#REF!-#REF! -> #REF!
A48: Другие общегосударственные вопросы | B48: 01 | C48: 13 | I48: =I49 -> 10 | J48: =#REF!-#REF! -> #REF! | K48: =#REF!-#REF! -> #REF!
A49: Непрограммные расходы главных распорядителей бюджетных средств Республики Мордовия | B49: 01 | C49: 13 | D49: 89 | E49: 0 | I49: =I50 -> 10 | J49: =#REF!-#REF! -> #REF! | K49: =#REF!-#REF! -> #REF!
A50: Непрограммные расходы в рамках обеспечения деятельности главных распорядителей бюджетных средств Республики Мордовия | B50: 01 | C50: 13 | D50: 89 | E50: 1 | I50: =I51 -> 10 | J50: =#REF!-#REF! -> #REF! | K50: =#REF!-#REF! -> #REF!
A51: Расходы, связанные с муниципальным управлением | B51: 01 | C51: 13 | D51: 89 | E51: 1 | F51: 00 | G51: 41000 | I51: =I52 -> 10 | J51: =#REF!-#REF! -> #REF! | K51: =#REF!-#REF! -> #REF!
A52: Мероприятия, связанные с муниципальным управлением | B52: 01 | C52: 13 | D52: 89 | E52: 1 | F52: 00 | G52: 41210 | I52: =I53 -> 10 | J52: =#REF!-#REF! -> #REF! | K52: =#REF!-#REF! -> #REF!
A53: Закупка товаров, работ и услуг для обеспечения государственных (муниципальных) нужд | B53: 01 | C53: 13 | D53: 89 | E53: 1 | F53: 00 | G53: 41210 | H53: 200 | I53: =I54 -> 10 | J53: =#REF!-#REF! -> #REF! | K53: =#REF!-#REF! -> #REF!
A54: Иные закупки товаров, работ и услуг для обеспечения государственных (муниципальных) нужд | B54: 01 | C54: 13 | D54: 89 | E54: 1 | F54: 00 | G54: 41210 | H54: 240 | I54: 10 | J54: =#REF!-#REF! -> #REF! | K54: =#REF!-#REF! -> #REF!
A55: Национальная оборона | B55: 02 | I55: =I56 -> 78.7 | J55: =#REF!-#REF! -> #REF! | K55: =#REF!-#REF! -> #REF!
A56: Мобилизационная и вневойсковая подготовка | B56: 02 | C56: 03 | I56: =I59 -> 78.7 | J56: =#REF!-#REF! -> #REF! | K56: =#REF!-#REF! -> #REF!
A57: Непрограммные расходы главных распорядителей бюджетных средств Республики Мордовия | B57: 02 | C57: 03 | D57: 89 | E57: 0 | I57: =I58 -> 78.7 | J57: =#REF!-#REF! -> #REF! | K57: =#REF!-#REF! -> #REF!
A58: Непрограммные расходы в рамках обеспечения деятельности главных распорядителей бюджетных средств Республики Мордовия | B58: 02 | C58: 03 | D58: 89 | E58: 1 | F58: 00 | I58: =I59 -> 78.7 | J58: =#REF!-#REF! -> #REF! | K58: =#REF!-#REF! -> #REF!
A59: Осуществление первичного воинского учета на территориях где отсутствуют военные комиссариаты | B59: 02 | C59: 02 | D59: 89 | E59: 1 | F59: 00 | G59: 00 | I59: =I60+I62 -> 78.7 | J59: =#REF!-#REF! -> #REF! | K59: =#REF!-#REF! -> #REF!
A60: Расходы на выплаты персоналу в целях обеспечения выполнения функций государственными (муниципальными) органами, казенными учреждениями, органами управления государственными внебюджетными фондами | B60: 02 | C60: 03 | D60: 89 | E60: 1 | F60: 00 | G60: 51180 | H60: 100 | I60: =I61 -> 77.7 | J60: =#REF!-#REF! -> #REF! | K60: =#REF!-#REF! -> #REF!
A61: Расходы на выплаты персоналу государственных (муниципальных) органов | B61: 02 | C61: 03 | D61: 89 | E61: 1 | F61: 00 | G61: 51180 | H61: 120 | I61: 77.7 | J61: =#REF!-#REF! -> #REF! | K61: =#REF!-#REF! -> #REF!
A62: Закупка товаров, работ и услуг для обеспечения государственных (муниципальных) нужд | B62: 02 | C62: 03 | D62: 89 | E62: 1 | F62: 00 | G62: 51180 | H62: 200 | I62: =I63 -> 1 | J62: =#REF!-#REF! -> #REF! | K62: =#REF!-#REF! -> #REF!
A63: Иные закупки товаров, работ и услуг для обеспечения государственных (муниципальных) нужд | B63: 02 | C63: 03 | D63: 89 | E63: 1 | F63: 00 | G63: 51180 | H63: 240 | I63: 1 | J63: =#REF!-#REF! -> #REF! | K63: =#REF!-#REF! -> #REF!
A64: Национальная экономика | B64: 04 | I64: =I65 -> 1352.2 | J64: =#REF!-#REF! -> #REF! | K64: =#REF!-#REF! -> #REF!
A65: Дорожное хозяйство (дорожные фонды) | B65: 04 | C65: 09 | I65: =I68 -> 1352.2 | J65: =#REF!-#REF! -> #REF! | K65: =#REF!-#REF! -> #REF!
A66: Непрограммные расходы главных распорядителей бюджетных средств Республики Мордовия | B66: 04 | C66: 09 | D66: 89 | E66: 0 | I66: =I70 -> 1352.2 | J66: =#REF!-#REF! -> #REF! | K66: =#REF!-#REF! -> #REF!
A67: Непрограммные расходы в рамках обеспечения деятельности главных распорядителей бюджетных средств Республики Мордовия | B67: 04 | C67: 09 | D67: 89 | E67: 1 | F67: 00 | I67: =I70 -> 1352.2 | J67: =#REF!-#REF! -> #REF! | K67: =#REF!-#REF! -> #REF!
A68: Осуществление полномочий по дорожной деятельности в отношении автомобильных дорог местного значения в границах населенных пунктов поселения и обеспечению безопасности дорожного движения на них, включая создание и обеспечение функционирования парковок (парковочных мест), осуществление муниципального контроля за сохранностью автомобильных дорог местного значения в границах населенных пунктов поселения, а также осуществление иных полномочий в области использования автомобильных дорог и осуществления дорожной деятельности в соответствии с законодательством Российской Федерации | B68: 04 | C68: 09 | D68: 89 | E68: 1 | F68: 00 | G68: 44102 | I68: =I69 -> 1352.2 | J68: =#REF!-#REF! -> #REF! | K68: =#REF!-#REF! -> #REF!
A69: Закупка товаров, работ и услуг для обеспечения государственных (муниципальных) нужд | B69: 04 | C69: 09 | D69: 89 | E69: 1 | F69: 00 | G69: 44102 | H69: 200 | I69: =I70 -> 1352.2 | J69: =#REF!-#REF! -> #REF! | K69: =#REF!-#REF! -> #REF!
A70: Иные закупки товаров, работ и услуг для обеспечения государственных (муниципальных) нужд | B70: 04 | C70: 09 | D70: 89 | E70: 1 | F70: 00 | G70: 44102 | H70: 240 | I70: 1352.2 | J70: =#REF!-#REF! -> #REF! | K70: =#REF!-#REF! -> #REF!
A71: Жилищно-коммунальное хозяйство | B71: 05 | I71: =I72+I78+I81 -> 408.4 | J71: =#REF!-#REF! -> #REF! | K71: =#REF!-#REF! -> #REF!
A72: Благоустройство | B72: 05 | C72: 03 | I72: =I73 -> 200 | J72: =#REF!-#REF! -> #REF! | K72: =#REF!-#REF! -> #REF!
A73: Непрограммные расходы главных распорядителей бюджетных средств Республики Мордовия | B73: 05 | C73: 03 | D73: 89 | E73: 0 | I73: =I74 -> 200 | J73: =#REF!-#REF! -> #REF! | K73: =#REF!-#REF! -> #REF!
A74: Непрограммные расходы в рамках обеспечения деятельности главных распорядителей бюджетных средств Республики Мордовия | B74: 05 | C74: 03 | D74: 89 | E74: 1 | I74: =I75 -> 200 | J74: =#REF!-#REF! -> #REF! | K74: =#REF!-#REF! -> #REF!
A75: Уличное освещение | B75: 05 | C75: 03 | D75: 89 | E75: 1 | F75: 00 | G75: 43010 | I75: =I76 -> 200 | J75: =#REF!-#REF! -> #REF! | K75: =#REF!-#REF! -> #REF!
A76: Закупка товаров, работ и услуг для обеспечения государственных (муниципальных) нужд | B76: 05 | C76: 03 | D76: 89 | E76: 1 | F76: 00 | G76: 43010 | H76: 200 | I76: =I77 -> 200 | J76: =#REF!-#REF! -> #REF! | K76: =#REF!-#REF! -> #REF!
A77: Иные закупки товаров, работ и услуг для обеспечения государственных (муниципальных) нужд | B77: 05 | C77: 03 | D77: 89 | E77: 1 | F77: 00 | G77: 43010 | H77: 240 | I77: 200 | J77: =#REF!-#REF! -> #REF! | K77: =#REF!-#REF! -> #REF!
A78: Озеленение | B78: 05 | C78: 03 | D78: 89 | E78: 1 | F78: 00 | G78: 43020 | I78: =I80 -> 5 | J78: =#REF!-#REF! -> #REF! | K78: =#REF!-#REF! -> #REF!
A79: Закупка товаров, работ и услуг для обеспечения государственных (муниципальных) нужд | B79: 05 | C79: 03 | D79: 89 | E79: 1 | F79: 00 | G79: 43020 | H79: 200 | I79: =I80 -> 5 | J79: =#REF!-#REF! -> #REF! | K79: =#REF!-#REF! -> #REF!
A80: Иные закупки товаров, работ и услуг для обеспечения государственных (муниципальных) нужд | B80: 05 | C80: 03 | D80: 89 | E80: 1 | F80: 00 | G80: 43020 | H80: 240 | I80: 5 | J80: =#REF!-#REF! -> #REF! | K80: =#REF!-#REF! -> #REF!
A81: Прочие меропиятия по благоустройству поселений | B81: 05 | C81: 03 | D81: 89 | I81: =I84 -> 203.4 | J81: =#REF!-#REF! -> #REF! | K81: =#REF!-#REF! -> #REF!
A82: Непрограммные расходы главных распорядителей бюджетных средств Республики Мордовия | B82: 05 | C82: 03 | D82: 89 | E82: 0 | I82: =I85 -> 203.4 | J82: =#REF!-#REF! -> #REF! | K82: =#REF!-#REF! -> #REF!
A83: Непрограммные расходы в рамках обеспечения деятельности главных распорядителей бюджетных средств Республики Мордовия | B83: 05 | C83: 03 | D83: 89 | E83: 1 | I83: =I85 -> 203.4 | J83: =#REF!-#REF! -> #REF! | K83: =#REF!-#REF! -> #REF!
A84: Закупка товаров, работ и услуг для обеспечения государственных (муниципальных) нужд | B84: 05 | C84: 03 | D84: 89 | E84: 1 | F84: 00 | G84: 43040 | H84: 200 | I84: =I85 -> 203.4 | J84: =#REF!-#REF! -> #REF! | K84: =#REF!-#REF! -> #REF!
A85: Иные закупки товаров, работ и услуг для обеспечения государственных (муниципальных) нужд | B85: 05 | C85: 03 | D85: 89 | E85: 1 | F85: 00 | G85: 43040 | H85: 240 | I85: 203.4 | J85: =#REF!-#REF! -> #REF! | K85: =#REF!-#REF! -> #REF!
A86: Социальная политика | B86: 10 | I86: =I87 -> 298.8 | J86: =#REF!-#REF! -> #REF! | K86: =#REF!-#REF! -> #REF!
A87: Пенсионное обеспечение | B87: 10 | C87: 01 | I87: =I88 -> 298.8 | J87: =#REF!-#REF! -> #REF! | K87: =#REF!-#REF! -> #REF!
A88: Непрограммные расходы главных распорядителей бюджетных средств Республики Мордовия | B88: 10 | C88: 01 | D88: 89 | E88: 0 | I88: =I89 -> 298.8 | J88: =#REF!-#REF! -> #REF! | K88: =#REF!-#REF! -> #REF!
A89: Непрограммные расходы в рамках обеспечения деятельности главных распорядителей бюджетных средств Республики Мордовия | B89: 10 | C89: 01 | D89: 89 | E89: 1 | I89: =I90 -> 298.8 | J89: =#REF!-#REF! -> #REF! | K89: =#REF!-#REF! -> #REF!
A90: Доплаты к пенсиям муниципальных служащих Республики Мордовия | B90: 10 | C90: 01 | D90: 89 | E90: 1 | F90: 00 | G90: 03010 | I90: =I92 -> 298.8 | J90: =#REF!-#REF! -> #REF! | K90: =#REF!-#REF! -> #REF!
A91: Социальное обеспечение и иные выплаты населению | B91: 10 | C91: 01 | D91: 89 | E91: 1 | F91: 00 | G91: 03010 | H91: 300 | I91: =I92 -> 298.8 | J91: =#REF!-#REF! -> #REF! | K91: =#REF!-#REF! -> #REF!
A92: Публичные нормативные социальные выплаты гражданам | B92: 10 | C92: 01 | D92: 89 | E92: 1 | F92: 00 | G92: 03010 | H92: 310 | I92: 298.8 | J92: =#REF!-#REF! -> #REF! | K92: =#REF!-#REF! -> #REF!
A93: Обслуживание государственного внутреннего и муниципального долга | B93: 13 | C93: 01 | I93: =I94 -> 0
A94: Непрограммные расходы в рамках обеспечения деятельности главных распорядителей бюджетных средств Республики Мордовия | B94: 13 | C94: 01 | D94: 89 | E94: 1 | I94: =I95 -> 0
A95: Процентные платежи по миуниципальному долгу | B95: 13 | C95: 01 | D95: 89 | E95: 1 | F95: 00 | G95: 41240 | I95: =I96 -> 0
A96: Обслуживание государственного (муниципального) долга | B96: 13 | C96: 01 | D96: 89 | E96: 1 | F96: 00 | G96: 41240 | H96: 700
I98: =I16+I35 -> 1277.2
H99: 1277.2 | I99: 594
I102: =H99-I98 -> 0

Sheet пр5
C1: Приложение 5 к решению сессии "О бюджете Новофедоровского сельского поселения Старошайговского муниципального района РМ на 2020 год от 27 декабря 2019 г.№ 19
A3: Ведомственная структура расходов бюджета Новофедоровского сельского поселения Старошайговского муниципального района на 2020 год по разделам, подразделам, целевым статьям и видам расходов функциональной классификации расходов бюджетов Российской Федерации
A5: Наименование | C5: Рз | D5: ПРз | E5: ЦСР | I5: ВР | J5: 2020
A6: ВСЕГО | J6: =J7+J71+J83+J91+J109 -> 4366.2
A7: Общегосударственные вопросы | B7: 926 | C7: 01 | J7: =J8+J21+J58+J63 -> 2228.1
A8: Функционирование высшего должностного лица субъекта Российской Федерации и муниципального образования | B8: 926 | C8: 01 | D8: 02 | J8: =J11+J16 -> 321.6
A9: Непрограммные расходы главных распорядителей бюджетных средств Республики Мордовия | B9: 926 | C9: 01 | D9: 02 | E9: 89 | F9: 0 | J9: =J11 -> 114.5
A10: Непрограммные расходы в рамках обеспечения деятельности главных распорядителей бюджетных средств Республики Мордовия | B10: 926 | C10: 01 | D10: 02 | E10: 89 | F10: 1 | J10: =J11 -> 114.5 | N10: ё
A11: Расходы на выплаты по оплате труда высшего должностного лица | B11: 926 | C11: 01 | D11: 02 | E11: 89 | F11: 1 | G11: 00 | H11: 41150 | J11: =J12 -> 114.5
A12: Расходы на выплаты персоналу в целях обеспечения выполнения функций государственными (муниципальными) органами, казенными учреждениями, органами управления государственными внебюджетными фондами | B12: 926 | C12: 01 | D12: 02 | E12: 89 | F12: 1 | G12: 00 | H12: 41150 | I12: 100 | J12: =J13 -> 114.5
A13: Расходы на выплаты персоналу государственных (муниципальных) органов | B13: 926 | C13: 01 | D13: 02 | E13: 89 | F13: 1 | G13: 00 | H13: 41150 | I13: 120 | J13: =J14+J15 -> 114.5
A14: Фонд оплаты труда государственных (муниципальных) органов | B14: 926 | C14: 01 | D14: 02 | E14: 89 | F14: 1 | G14: 00 | H14: 41150 | I14: 121 | J14: 88
A15: Взносы по обязательному социальному страхованию на выплаты денежного содержания и иные выплаты работникам государственных (муниципальных) органов | B15: 926 | C15: 01 | D15: 02 | E15: 89 | F15: 1 | G15: 00 | H15: 41150 | I15: 129 | J15: 26.5
A16: Софинансирование расходных обязательств, возникающих при выполнении полномочий органов местного самоуправления поселений по вопросам местного значения, выплачиваемых в зависимости от выполнения социально-экономических показателей | B16: 926 | C16: 01 | D16: 02 | E16: 89 | F16: 1 | G16: 00 | H16: 44203 | J16: =J17 -> 207.1
A17: Расходы на выплаты персоналу в целях обеспечения выполнения функций государственными (муниципальными) органами, казенными учреждениями, органами управления государственными внебюджетными фондами | B17: 926 | C17: 01 | D17: 02 | E17: 89 | F17: 1 | G17: 00 | H17: 44203 | I17: 100 | J17: =J18 -> 207.1
A18: Расходы на выплаты персоналу государственных (муниципальных) органов | B18: 926 | C18: 01 | D18: 02 | E18: 89 | F18: 1 | G18: 00 | H18: 44203 | I18: 120 | J18: =J19+J20 -> 207.1
A19: Фонд оплаты труда государственных (муниципальных) органов | B19: 926 | C19: 01 | D19: 02 | E19: 89 | F19: 1 | G19: 00 | H19: 44203 | I19: 121 | J19: 159
A20: Взносы по обязательному социальному страхованию на выплаты денежного содержания и иные выплаты работникам государственных (муниципальных) органов | B20: 926 | C20: 01 | D20: 02 | E20: 89 | F20: 1 | G20: 00 | H20: 44203 | I20: 129 | J20: 48.1
A21: Функционирование Правительства Российской Федерации, высших исполнительных органов государственной власти субъектов Российской Федерации, местных администраций | B21: 926 | C21: 01 | D21: 04 | J21: =J24+J31+J54+J43 -> 1876.5
A22: Непрограммные расходы главных распорядителей бюджетных средств Республики Мордовия | B22: 926 | C22: 01 | D22: 04 | E22: 89 | F22: 0 | J22: =J24 -> 528.8
A23: Непрограммные расходы в рамках обеспечения деятельности главных распорядителей бюджетных средств Республики Мордовия | B23: 926 | C23: 01 | D23: 04 | E23: 89 | F23: 1 | J23: =J24 -> 528.8
A24: Расходы на выплаты по оплате труда работников органов местного | B24: 926 | C24: 01 | D24: 04 | E24: 89 | F24: 1 | G24: 00 | H24: 41110 | J24: =J25 -> 528.8
A25: Расходы на выплаты персоналу в целях обеспечения выполнения функций государственными (муниципальными) органами, казенными учреждениями, органами управления государственными внебюджетными фондами | B25: 926 | C25: 01 | D25: 04 | E25: 89 | F25: 1 | G25: 00 | H25: 41110 | I25: 100 | J25: =J26 -> 528.8
A26: Расходы на выплаты персоналу государственных (муниципальных) органов | B26: 926 | C26: 01 | D26: 04 | E26: 89 | F26: 1 | G26: 00 | H26: 41110 | I26: 120 | J26: =J27+J28 -> 528.8
A27: Фонд оплаты труда государственных (муниципальных) органов | B27: 926 | C27: 01 | D27: 04 | E27: 89 | F27: 1 | G27: 00 | H27: 41110 | I27: 121 | J27: 406.1
A28: Взносы по обязательному социальному страхованию на выплаты денежного содержания и иные выплаты работникам государственных (муниципальных) органов | B28: 926 | C28: 01 | D28: 04 | E28: 89 | F28: 1 | G28: 00 | H28: 41110 | I28: 129 | J28: 122.7
A29: Непрограммные расходы главных распорядителей бюджетных средств Республики Мордовия | B29: 926 | C29: 01 | D29: 04 | E29: 89 | F29: 0 | J29: =J31 -> 277.3
A30: Непрограммные расходы в рамках обеспечения деятельности главных распорядителей бюджетных средств Республики Мордовия | B30: 926 | C30: 01 | D30: 04 | E30: 89 | F30: 1 | J30: =J31 -> 277.3
A31: Расходы на обеспечение функций органов местного самоуправления Республики Мордовия | B31: 926 | C31: 01 | D31: 04 | E31: 89 | F31: 1 | G31: 00 | H31: 41120 | J31: =J35+J32+J38 -> 277.3
A32: Расходы на выплаты персоналу в целях обеспечения выполнения функций государственными (муниципальными) органами, казенными учреждениями, органами управления государственными внебюджетными фондами | B32: 926 | C32: 01 | D32: 04 | E32: 89 | F32: 1 | G32: 00 | H32: 41120 | I32: 100 | J32: =J33 -> 0.7
A33: Расходы на выплаты персоналу государственных (муниципальных) органов | B33: 926 | C33: 01 | D33: 04 | E33: 89 | F33: 1 | G33: 00 | H33: 41120 | I33: 120 | J33: =J34 -> 0.7
A34: Иные выплаты персоналу государственных (муниципальных) органов, за исключением фонда оплаты труда | B34: 926 | C34: 01 | D34: 04 | E34: 89 | F34: 1 | G34: 00 | H34: 41120 | I34: 122 | J34: 0.7
A35: Закупка товаров, работ и услуг для обеспечения государственных (муниципальных) нужд | B35: 926 | C35: 01 | D35: 04 | E35: 89 | F35: 1 | G35: 00 | H35: 41120 | I35: 200 | J35: =J36 -> 173.9
A36: Иные закупки товаров, работ и услуг для обеспечения государственных (муниципальных) нужд | B36: 926 | C36: 01 | D36: 04 | E36: 89 | F36: 1 | G36: 00 | H36: 41120 | I36: 240 | J36: =J37 -> 173.9
A37: Прочая закупка товаров, работ и услуг | B37: 926 | C37: 01 | D37: 04 | E37: 89 | F37: 1 | G37: 00 | H37: 41120 | I37: 244 | J37: 173.9
A38: Иные бюджетные ассигнования | B38: 926 | C38: 01 | D38: 04 | E38: 89 | F38: 1 | G38: 00 | H38: 41120 | I38: 800 | J38: =J39 -> 102.7
A39: Уплата налогов, сборов и иных платежей | B39: 926 | C39: 01 | D39: 04 | E39: 89 | F39: 1 | G39: 00 | H39: 41120 | I39: 850 | J39: =J40+J41+J42 -> 102.7
A40: Уплата налога на имущество организаций и земельного налога | B40: 926 | C40: 01 | D40: 04 | E40: 89 | F40: 1 | G40: 00 | H40: 41120 | I40: 851 | J40: 87.2
A41: Уплата прочих налогов, сборов | B41: 926 | C41: 01 | D41: 04 | E41: 89 | F41: 1 | G41: 00 | H41: 41120 | I41: 852 | J41: 7.5
C42: 01. | D42: 04. | E42: 89 | F42: 1 | G42: 00 | H42: 41120 | I42: 853 | J42: 8
A43: Функционирование Правительства Российской Федерации, высших исполнительных органов государственной власти субъектов Российской Федерации, местных администраций | B43: 926 | C43: 01 | D43: 04 | J43: =J44 -> 1070.1
A44: Непрограммные расходы главных распорядителей бюджетных средств Республики Мордовия | B44: 926 | C44: 01 | D44: 04 | E44: 89 | F44: 0 | J44: =J45 -> 1070.1
A45: Непрограммные расходы в рамках обеспечения деятельности главных распорядителей бюджетных средств Республики Мордовия | B45: 926 | C45: 01 | D45: 04 | E45: 89 | F45: 1 | J45: =J46 -> 1070.1
A46: Софинансирование расходных обязательств, возникающих при выполнении полномочий органов местного самоуправления поселений по вопросам местного значения, выплачиваемых в зависимости от выполнения социально-экономических показателей | B46: 926 | C46: 01 | D46: 04 | E46: 89 | F46: 1 | G46: 00 | H46: 44203 | J46: =J47+J51 -> 1070.1
A47: Расходы на выплаты персоналу в целях обеспечения выполнения функций государственными (муниципальными) органами, казенными учреждениями, органами управления государственными внебюджетными фондами | B47: 926 | C47: 01 | D47: 04 | E47: 89 | F47: 1 | G47: 00 | H47: 44203 | I47: 100 | J47: =J48 -> 644.6
A48: Расходы на выплаты персоналу государственных (муниципальных) органов | B48: 926 | C48: 01 | D48: 04 | E48: 89 | F48: 1 | G48: 00 | H48: 44203 | I48: 120 | J48: =J49+J50 -> 644.6
A49: Фонд оплаты труда государственных (муниципальных) органов | B49: 926 | C49: 01 | D49: 04 | E49: 89 | F49: 1 | G49: 00 | H49: 44203 | I49: 121 | J49: 495
A50: Взносы по обязательному социальному страхованию на выплаты денежного содержания и иные выплаты работникам государственных (муниципальных) органов | B50: 926 | C50: 01 | D50: 04 | E50: 89 | F50: 1 | G50: 00 | H50: 44203 | I50: 129 | J50: 149.6
A51: Закупка товаров, работ и услуг для обеспечения государственных (муниципальных) нужд | B51: 926 | C51: 01 | D51: 04 | E51: 89 | F51: 1 | G51: 00 | H51: 44203 | I51: 200 | J51: =J52 -> 425.5
A52: Иные закупки товаров, работ и услуг для обеспечения государственных (муниципальных) нужд | B52: 926 | C52: 01 | D52: 04 | E52: 89 | F52: 1 | G52: 00 | H52: 44203 | I52: 240 | J52: =J53 -> 425.5
A53: Прочая закупка товаров, работ и услуг | B53: 926 | C53: 01 | D53: 04 | E53: 89 | F53: 1 | G53: 00 | H53: 44203 | I53: 244 | J53: 425.5
A54: Реализация государственных полномочий по определению перечня должностных лиц, уполномоченных составлять протоколы об административных правонарушениях | B54: 926 | C54: 01 | D54: 04 | E54: 89 | F54: 1 | G54: 00 | H54: 77150 | J54: =J55 -> 0.3
A55: Закупка товаров, работ и услуг для обеспечения государственных (муниципальных) нужд | B55: 926 | C55: 01 | D55: 04 | E55: 89 | F55: 1 | G55: 00 | H55: 77150 | I55: 200 | J55: =J56 -> 0.3
A56: Иные закупки товаров, работ и услуг для обеспечения государственных (муниципальных) нужд | B56: 926 | C56: 01 | D56: 04 | E56: 89 | F56: 1 | G56: 00 | H56: 77150 | I56: 240 | J56: =J57 -> 0.3
A57: Прочая закупка товаров, работ и услуг | B57: 926 | C57: 01 | D57: 04 | E57: 89 | F57: 1 | G57: 00 | H57: 77150 | I57: 244 | J57: 0.3
A58: Резервные фонды | B58: 926 | C58: 01 | D58: 11 | J58: =J59 -> 20
A59: Непрограммные расходы главных распорядителей бюджетных средств Республики Мордовия | B59: 926 | C59: 01 | D59: 11 | E59: 89 | F59: 0 | J59: =J60 -> 20
A60: Непрограммные расходы в рамках обеспечения деятельности главных распорядителей бюджетных средств Республики Мордовия | B60: 926 | C60: 01 | D60: 11 | E60: 89 | F60: 1 | G60: 00 | J60: =J61 -> 20
A61: Резервный фонд местных администраций | B61: 926 | C61: 01 | D61: 11 | E61: 89 | F61: 1 | G61: 00 | H61: 41180 | J61: =J62 -> 20
A62: Резервные средства | B62: 926 | C62: 01 | D62: 11 | E62: 89 | F62: 1 | G62: 00 | H62: 41180 | I62: 870 | J62: =пр4!I47 -> 20
A63: Другие общегосударственные вопросы | B63: 926 | C63: 01 | D63: 13 | J63: =J64 -> 10
A64: Непрограммные расходы главных распорядителей бюджетных средств Республики Мордовия | B64: 926 | C64: 01 | D64: 13 | E64: 89 | F64: 0 | J64: =J65 -> 10
A65: Непрограммные расходы в рамках обеспечения деятельности главных распорядителей бюджетных средств Республики Мордовия | B65: 926 | C65: 01 | D65: 13 | E65: 89 | F65: 1 | J65: =J66 -> 10
A66: Расходы, связанные с муниципальным управлением | B66: 926 | C66: 01 | D66: 13 | E66: 89 | F66: 1 | G66: 00 | H66: 41000 | J66: =J67 -> 10
A67: Мероприятия, связанные с муниципальным управлением | B67: 926 | C67: 01 | D67: 13 | E67: 89 | F67: 1 | G67: 00 | H67: 41210 | J67: =J68 -> 10
A68: Закупка товаров, работ и услуг для обеспечения государственных (муниципальных) нужд | B68: 926 | C68: 01 | D68: 13 | E68: 89 | F68: 1 | G68: 00 | H68: 41210 | I68: 200 | J68: =J69 -> 10
A69: Иные закупки товаров, работ и услуг для обеспечения государственных (муниципальных) нужд | B69: 926 | C69: 01 | D69: 13 | E69: 89 | F69: 1 | G69: 00 | H69: 41210 | I69: 240 | J69: =J70 -> 10
A70: Прочая закупка товаров, работ и услуг | B70: 926 | C70: 01 | D70: 13 | E70: 89 | F70: 1 | G70: 00 | H70: 41210 | I70: 244 | J70: =пр4!I54 -> 10
A71: Национальная оборона | B71: 926 | C71: 02 | J71: =J72 -> 78.7
A72: Мобилизационная и вневойсковая подготовка | B72: 926 | C72: 02 | D72: 03 | J72: =J75 -> 78.7
A73: Непрограммные расходы главных распорядителей бюджетных средств Республики Мордовия | B73: 926 | C73: 02 | D73: 03 | E73: 89 | F73: 0 | J73: =J74 -> 78.7
A74: Непрограммные расходы в рамках обеспечения деятельности главных распорядителей бюджетных средств Республики Мордовия | B74: 926 | C74: 02 | D74: 03 | E74: 89 | F74: 1 | G74: 00 | J74: =J75 -> 78.7
A75: Осуществление первичного воинского учета на территориях где отсутствуют военные комиссариаты | B75: 926 | C75: 02 | D75: 02 | E75: 89 | F75: 1 | G75: 00 | H75: 00 | J75: =J76+J80 -> 78.7
A76: Расходы на выплаты персоналу в целях обеспечения выполнения функций государственными (муниципальными) органами, казенными учреждениями, органами управления государственными внебюджетными фондами | B76: 926 | C76: 02 | D76: 03 | E76: 89 | F76: 1 | G76: 00 | H76: 51180 | I76: 100 | J76: =J77 -> 77.7
A77: Расходы на выплаты персоналу государственных (муниципальных) органов | B77: 926 | C77: 02 | D77: 03 | E77: 89 | F77: 1 | G77: 00 | H77: 51180 | I77: 120 | J77: =J78+J79 -> 77.7
A78: Фонд оплаты труда государственных (муниципальных) органов | B78: 926 | C78: 02 | D78: 03 | E78: 89 | F78: 1 | G78: 00 | H78: 51180 | I78: 121 | J78: 59.8
A79: Взносы по обязательному социальному страхованию на выплаты денежного содержания и иные выплаты работникам государственных (муниципальных) органов | B79: 926 | C79: 02 | D79: 03 | E79: 89 | F79: 1 | G79: 00 | H79: 51180 | I79: 129 | J79: 17.9
A80: Закупка товаров, работ и услуг для обеспечения государственных (муниципальных) нужд | B80: 926 | C80: 02 | D80: 03 | E80: 89 | F80: 1 | G80: 00 | H80: 51180 | I80: 200 | J80: =J81 -> 1
A81: Иные закупки товаров, работ и услуг для обеспечения государственных (муниципальных) нужд | B81: 926 | C81: 02 | D81: 03 | E81: 89 | F81: 1 | G81: 00 | H81: 51180 | I81: 240 | J81: =J82 -> 1
A82: Прочая закупка товаров, работ и услуг | B82: 926 | C82: 02 | D82: 03 | E82: 89 | F82: 1 | G82: 00 | H82: 51180 | I82: 244 | J82: 1
A83: Национальная экономика | B83: 926 | C83: 04 | J83: =J84 -> 1352.2
A84: Дорожное хозяйство (дорожные фонды) | B84: 926 | C84: 04 | D84: 09 | J84: =J87 -> 1352.2
A85: Непрограммные расходы главных распорядителей бюджетных средств Республики Мордовия | B85: 926 | C85: 04 | D85: 09 | E85: 89 | F85: 0 | J85: =J89 -> 1352.2
A86: Непрограммные расходы в рамках обеспечения деятельности главных распорядителей бюджетных средств Республики Мордовия | B86: 926 | C86: 04 | D86: 09 | E86: 89 | F86: 1 | G86: 00 | J86: =J89 -> 1352.2
A87: Осуществление полномочий по дорожной деятельности в отношении автомобильных дорог местного значения в границах населенных пунктов поселения и обеспечению безопасности дорожного движения на них, включая создание и обеспечение функционирования парковок (парковочных мест), осуществление муниципального контроля за сохранностью автомобильных дорог местного значения в границах населенных пунктов поселения, а также осуществление иных полномочий в области использования автомобильных дорог и осуществления дорожной деятельности в соответствии с законодательством Российской Федерации | B87: 926 | C87: 04 | D87: 09 | E87: 89 | F87: 1 | G87: 00 | H87: 44102 | J87: =J88 -> 1352.2
A88: Закупка товаров, работ и услуг для обеспечения государственных (муниципальных) нужд | B88: 926 | C88: 04 | D88: 09 | E88: 89 | F88: 1 | G88: 00 | H88: 44102 | I88: 200 | J88: =J89 -> 1352.2 | K88: 11.73676
A89: Иные закупки товаров, работ и услуг для обеспечения государственных (муниципальных) нужд | B89: 926 | C89: 04 | D89: 09 | E89: 89 | F89: 1 | G89: 00 | H89: 44102 | I89: 240 | J89: =J90 -> 1352.2 | K89: 11.73676
A90: Прочая закупка товаров, работ и услуг | B90: 926 | C90: 04 | D90: 09 | E90: 89 | F90: 1 | G90: 00 | H90: 44102 | I90: 244 | J90: =пр4!I70 -> 1352.2
A91: Жилищно-коммунальное хозяйство | B91: 926 | C91: 05 | J91: =J92+J99+J103 -> 408.4 | K91: 11.73676
A92: Благоустройство | B92: 926 | C92: 05 | D92: 03 | J92: =J93 -> 200 | K92: 11.73676
A93: Непрограммные расходы главных распорядителей бюджетных средств Республики Мордовия | B93: 926 | C93: 05 | D93: 03 | E93: 89 | F93: 0 | J93: =J94 -> 200 | K93: 11.73676
A94: Непрограммные расходы в рамках обеспечения деятельности главных распорядителей бюджетных средств Республики Мордовия | B94: 926 | C94: 05 | D94: 03 | E94: 89 | F94: 1 | J94: =J95 -> 200
A95: Уличное освещение | B95: 926 | C95: 05 | D95: 03 | E95: 89 | F95: 1 | G95: 00 | H95: 43010 | J95: =J96 -> 200
A96: Закупка товаров, работ и услуг для обеспечения государственных (муниципальных) нужд | B96: 926 | C96: 05 | D96: 03 | E96: 89 | F96: 1 | G96: 00 | H96: 43010 | I96: 200 | J96: =J97 -> 200
A97: Иные закупки товаров, работ и услуг для обеспечения государственных (муниципальных) нужд | B97: 926 | C97: 05 | D97: 03 | E97: 89 | F97: 1 | G97: 00 | H97: 43010 | I97: 240 | J97: =J98 -> 200
A98: Прочая закупка товаров, работ и услуг | B98: 926 | C98: 05 | D98: 03 | E98: 89 | F98: 1 | G98: 00 | H98: 43010 | I98: 244 | J98: =пр4!I77 -> 200
A99: Озеленение | B99: 926 | C99: 05 | D99: 03 | E99: 89 | F99: 1 | G99: 00 | H99: 43020 | J99: =J101 -> 5
A100: Закупка товаров, работ и услуг для обеспечения государственных (муниципальных) нужд | B100: 926 | C100: 05 | D100: 03 | E100: 89 | F100: 1 | G100: 00 | H100: 43020 | I100: 200 | J100: =J101 -> 5
A101: Иные закупки товаров, работ и услуг для обеспечения государственных (муниципальных) нужд | B101: 926 | C101: 05 | D101: 03 | E101: 89 | F101: 1 | G101: 00 | H101: 43020 | I101: 240 | J101: =J102 -> 5
A102: Прочая закупка товаров, работ и услуг | B102: 926 | C102: 05 | D102: 03 | E102: 89 | F102: 1 | G102: 00 | H102: 43020 | I102: 244 | J102: =пр4!I80 -> 5
...

Sheet 6
B1: Приложение 6 к решению сессии "О бюджете Новофедоровского сельского поселения Старошайговского муниципального района РМ на 2020 год от 27 декабря 2019 г.№19
A2: ИСТОЧНИКИ ВНУТРЕННЕГО ФИНАНСИРОВАНИЯ ДЕФИЦИТА БЮДЖЕТА НОВОФЕДОРОВСКОГО СЕЛЬСКОГО ПОСЕЛЕНИЯ НА 2020 ГОД
A6: (тыс. рублей)
A7: Код | B7: НАИМЕНОВАНИЕ | C7: 2020
A10: 1 | B10: 2
A11: 90000000000000000 | B11: ИТОГО | C11: ='[1]4'!I6-[1]пр.1!C12 -> 222.9
A12: 01000000000000000 | B12: ИСТОЧНИКИ ВНУТРЕННЕГО ФИНАНСИРОВАНИЯ ДЕФИЦИТОВ БЮДЖЕТОВ | C12: =C15 -> 72.2
A13: 01020000000000000 | B13: Кредиты кредитных организаций в валюте Российской Федерации | C13: =C14 -> 72.2
A14: 01020000000000700 | B14: Получение кредитов от кредитных организаций в валюте Российской Федерации | C14: =C15 -> 72.2
A15: 01020000100000710 | B15: Получение кредитов от кредитных организаций бюджетами сельских поселений в валюте Российской Федерации | C15: 72.2
A16: 01000000000000000 | B16: Изменение остатков средств
A17: 01050000000000000 | B17: Изменение остатков средств на счетах по учету средств бюджетов
A18: 01050000000000500 | B18: Увеличение остатков средств бюджетов | C18: =C21 -> -4223.9
A19: 01050200000000500 | B19: Увеличение прочих остатков средств бюджетов | C19: =C21 -> -4223.9
A20: 01050201000000510 | B20: Увеличение прочих остатков денежных средств бюджетов | C20: =C21 -> -4223.9
A21: 01050201100000510 | B21: Увеличение прочих остатков денежных средств бюджетов сельских поселений | C21: -4223.9
A22: 01050000000000600 | B22: Уменьшение остатков средств бюджетов | C22: =C25 -> 4223.9
A23: 01050200000000600 | B23: Уменьшение прочих остатков средств бюджетов | C23: =C25 -> 4223.9
A24: 01050201000000610 | B24: Уменьшение прочих остатков денежных средств бюджетов | C24: =C25 -> 4223.9
A25: 01050201100000610 | B25: Уменьшение прочих остатков денежных средств бюджетов сельских поселений | C25: 4223.9

Sheet пр7
